AoeStats
← Peppi Legs

Oasis

509027370Analyzed
3v3 RM · 7d ago on Sep 25, 2026· 25m 40s· 6 players
Game mode
Random Map
Map size
Normal (6 player)
Population
200
Speed
Normal
Resources
Standard
Victory
Conquest
Starting age
Dark Age
Ending age
Imperial Age
RankedLock teamsTeams togetherTeam positionsShared explorationLock speedFull tech treeHidden civsTurbo modeCheats
Victory
Defeat
🇨🇴 Inca · Colombia
1095
+13
🇲🇽 Japanese · Mexico
1038
+15
🇺🇸 Magyars · United States
943
+19
🇭🇰 Cumans · Hong Kong SAR China
1094
-18
🇦🇺 Celts · Australia
992
-15
🇦🇺 Romans · Australia
974
-14
Peppi Legs
1:53 Loom
11:01 Feudal Age
18:31 Castle Age
HanzVermhat
3:21 Loom
11:15 Feudal Age
13:13 Man-at-Arms
16:08 Scale Mail Armor
20:58 Wheelbarrow
RomeD
10:24 Feudal Age
11:52 Double-Bit Axe
15:57 Bloodlines
18:02 Scale Barding Armor
19:54 Forging
Hammer
8:30 Loom
12:15 Feudal Age
20:39 Castle Age
18:29 Horse Collar
19:27 Fletching
19:32 Double-Bit Axe
21:27 Bloodlines
23:14 Bodkin Arrow
Diegonorreea
11:01 Feudal Age
12:12 Double-Bit Axe
11:56 Champi Runner
14:37 Arson
17:59 Forging
18:38 Scale Mail Armor
18:39 Padded Archer Armor
24:50 Castle Age
23:27 Wheelbarrow
22:37 Loom
24:55 Champi Warrior
25:35 Squires
26:13 Iron Casting
25:53 Chain Mail Armor
25:54 Leather Archer Armor
glitter
2:31 Loom
11:21 Feudal Age
11:25 Man-at-Arms
12:29 Arson
12:32 Town Watch
24:21 Forging
24:12 Scale Mail Armor
Connection lost

Rejoining the realm…

Still unreachable

The connection could not be restored.

Session expired

The server has moved on; the page needs a fresh start.